 Dungeon Crawl Stone Soup version 0.19.4-8-ga85b6b9 (webtiles) character file.

459 TryAgain the Magician (level 6, -6/32 HPs)
             Began as a Deep Elf Ice Elementalist on Feb 14, 2017.
             Mangled by an ogre
             ... wielding a +0 giant spiked club
              (33 damage)
             ... on level 5 of the Dungeon.
             The game lasted 00:14:52 (3081 turns).

TryAgain the Magician (Deep Elf Ice Elementalist)   Turns: 3081, Time: 00:14:53

Health: -6/32      AC:  3    Str:  8    XL:     6   Next: 78%
Magic:  12/16      EV: 15    Int: 22    God:
Gold:   196        SH:  0    Dex: 15    Spells: 4 memorised, 6 levels left

rFire  . . .     SeeInvis .     n - +0 spear
rCold  . . .     Gourm    .     C - +0 robe (curse)
rNeg   . . .     Faith    .     (no shield)
rPois  .         Spirit   .     (no helmet)
rElec  .         Reflect  .     (no cloak)
rCorr  .         Harm     .     (no gloves)
MR     .....                    s - +0 pair of boots
Stlth  ++........               D - amulet of regeneration
                                (no ring)
                                i - +3 ring of strength

@: no status effects
A: no striking features
a: no special abilities


You were on level 5 of the Dungeon.
You were not hungry.

You visited 1 branch of the dungeon, and saw 5 of its levels.

You collected 196 gold pieces.

Inventory:

Hand Weapons
 n - a +0 spear (weapon)
Armour
 a - a +0 robe
 s - a +0 pair of boots (worn)
 C - a cursed +0 robe (worn)
Jewellery
 i - a +3 ring of strength (left hand)
 D - an amulet of regeneration (around neck)
Scrolls
 d - 2 scrolls of fog {unknown}
 e - a scroll of magic mapping {unknown}
 f - a scroll of teleportation {unknown}
 g - 4 scrolls of remove curse {unknown}
 j - 2 scrolls of fear {unknown}
 r - a scroll of enchant armour {unknown}
 v - 2 scrolls of random uselessness {unknown}
 y - 5 scrolls of identify {unknown}
Potions
 h - 2 potions of lignification {unknown}
 l - a potion of magic {unknown}
 m - a potion of might {unknown}
 p - a potion of haste {unknown}
 q - a potion of cancellation {unknown}
 t - a potion of degeneration {unknown}
 u - 2 potions of brilliance {unknown}
 z - a potion of agility {unknown}
 A - a potion of invisibility {unknown}
 B - a potion of curing {unknown}
Books
 b - a book of Frost

   Spells                             Type                      Level
   a - Freeze                         Ice                          1
   b - Throw Frost                    Conjuration/Ice              2
   c - Ozocubu's Armour               Charms/Ice                   3
   d - Throw Icicle                   Conjuration/Ice              4
   e - Summon Ice Beast               Ice/Summoning                4
Comestibles
 c - 3 bread rations
 k - 3 slices of pizza
 o - a royal jelly
 w - 2 beef jerkies
 x - 3 meat rations
 F - 4 fruits


   Skills:
 + Level 5.4 Dodging
 - Level 3.0 Stealth
 + Level 5.6 Spellcasting
 - Level 1.1 Conjurations
 + Level 1.7 Charms
 + Level 0.9 Summonings
 + Level 5.2 Ice Magic


You had 6 spell levels left.
You knew the following spells:

 Your Spells              Type           Power        Failure   Level  Hunger
a - Freeze                Ice            ####         1%          1    None
b - Throw Frost           Conj/Ice       ###...       4%          2    None
c - Ozocubu's Armour      Chrm/Ice       ###.....     10%         3    ##.....
d - Summon Ice Beast      Ice/Summ       ###.....     28%         4    ####...


Dungeon Overview and Level Annotations

Branches:
Dungeon (5/15)
 Temple: D:4-7

Altars:
Hepliaklqana


Message History

You freeze the ogre.
The ogre is moderately wounded.
The ogre hits you with a giant spiked club.
Casting: Freeze
Confirm with . or Enter, or press ? or * to list all spells.
Aiming: Freeze
Press: ? - help, Shift-Dir - straight line, f/p - ogre
Aim: an ogre, wielding a giant spiked club (moderately wounded)
You freeze the ogre.
The ogre is heavily wounded.
Casting: Freeze
Confirm with . or Enter, or press ? or * to list all spells.
Aiming: Freeze
Press: ? - help, Shift-Dir - straight line, f/p - ogre
Aim: an ogre, wielding a giant spiked club (heavily wounded)
You freeze the ogre.
The ogre is severely wounded.
The ogre hits you with a giant spiked club!!
Ouch! That really hurt!
You die...

# # #.. # #.# # #.# #.# #
#.# #.# # #.# #.# # #.#
#.# ##########.# #O#
.........(.#####@#
.................#
#########...###..########
# #.#.# #.......... #
#.#.# ##.######## # #.#.#
#.# # #.#.####.# #
#........########
##.#.............


You could see an ogre.

Vanquished Creatures
  A howler monkey (D:4)
  A crimson imp (D:5)
  A hound (D:3)
  Jessica (D:2)
  Terence (D:2)
  Natasha (D:2)
  A worker ant (D:5)
  12 gnolls
  4 adders
  An ooze (D:1)
  A worm (D:2)
  2 dart slugs (D:1)
  A leopard gecko (D:2)
  10 orcs
  A ball python (D:4)
  2 bats
  7 giant cockroaches
  7 goblins
  10 hobgoblins
  4 jackals (D:2)
  2 quokkas (D:3)
  7 frilled lizards
  10 kobolds
  12 rats
100 creatures vanquished.

Notes
Turn   | Place    | Note
-------+----------+-------------------------------------------
     0 | D:1      | TryAgain the Deep Elf Ice Elementalist began the quest for the Orb.
     0 | D:1      | Reached XP level 1. HP: 10/10 MP: 6/6
    77 | D:1      | Reached XP level 2. HP: 3/15 MP: 4/8
   719 | D:1      | Reached XP level 3. HP: 14/19 MP: 7/9
  1047 | D:2      | Noticed Natasha
  1355 | D:2      | Reached XP level 4. HP: 16/24 MP: 2/12
  1613 | D:2      | Reached XP level 5. HP: 28/28 MP: 10/13
  1700 | D:2      | Noticed Jessica
  1712 | D:2      | Killed Jessica
  1714 | D:2      | Killed Natasha
  1829 | D:2      | Noticed Terence
  1859 | D:2      | Killed Terence
  2016 | D:3      | Reached skill level 5 in Spellcasting
  2255 | D:3      | Learned a level 2 spell: Throw Frost
  2259 | D:3      | Learned a level 3 spell: Ozocubu's Armour
  2264 | D:3      | Learned a level 4 spell: Summon Ice Beast
  2278 | D:4      | Reached skill level 5 in Ice Magic
  2278 | D:4      | Reached XP level 6. HP: 32/32 MP: 12/15
  2330 | D:4      | Reached skill level 5 in Dodging
  2511 | D:4      | Reached skill level 1 in Charms
  2920 | D:4      | Found a hazy altar of Hepliaklqana.
  2943 | D:5      | Entered Level 5 of the Dungeon
  3081 | D:5      | Mangled by an ogre

Skill      XL: |  1  2  3  4  5  6 |
---------------+-------------------+-----
Dodging        | 3 4 5 |  5.4
Stealth        | 3 |  3.0
Spellcasting   | 4 5 |  5.6
Ice Magic      | 4 5 |  5.2
Charms         | 1 |  1.7
Conjurations   | |  1.1
Summonings     | |  0.9

Action                   |  1- 3 |  4- 6 || total
-------------------------+-------+-------++-------
Melee: Dagger            |    68 |       ||    68
       Spear             |    49 |    36 ||    85
 Cast: Freeze            |    33 |    93 ||   126
 Stab: Sleeping          |     6 |       ||     6
  Eat: Chunk             |     1 |     6 ||     7
Armor: Robe              |    14 |    12 ||    26
Dodge: Dodged            |    96 |    55 ||   151
